Map: Newkirk Precinct TE (Void)

Players

ByuN - Winner!

  • Race: Terran Terran
  • Spawn Location: 5:00

Kelazhur

  • Race: Terran Terran
  • Spawn Location: 7:00

Event: NationWars IV

VOD

Have the link to the VOD?

Description

Time

  • Played on: Jan. 6, 2017, 1:15 p.m.
  • Length: 19:53

All games in this series

Show
View Real Time Build Order
Export as new Build Order

ByuN Terran - Winner!

Build Orders: Cyclone Opening 

Get SALT Encoding   

  12  0:01  SCV  
  13  0:13  SCV  
  14  0:18  Supply Depot  
  14  0:25  SCV  
  15  0:29  Refinery  
  15  0:39  SCV  
  16  0:45  Barracks  
  16  0:51  SCV  
  16  0:56  Refinery  
  17  1:03  SCV  
  18  1:16  SCV  
  19  1:32  Orbital Command  
  19  1:33  Factory  
  19  1:36  Reaper  
  20  1:45  Supply Depot  
  20  1:57  SCV  
  21  2:08  Reaper  
  22  2:10  SCV  
  23  2:17  Cyclone  
  26  2:29  SCV  
  27  2:32  Bunker  
  25  2:42  Reaper  
  26  2:45  SCV  
  25  2:57  SCV  
  26  3:07  Starport  
  26  3:10  SCV  
  27  3:14  Marine  
  28  3:22  SCV  
  28  3:24  Supply Depot  
  26  3:35  SCV  
  22  3:50  SCV  
  22  4:02  Cyclone  
  20  4:10  SCV  
  20  4:18  Starport Tech Lab  
  20  4:22  SCV  
  21  4:34  SCV  
  21  4:43  Banshee  
  24  4:47  SCV  
  24  4:48  Widow Mine  
  27  4:59  Cloaking Field, SCV  
  28  5:11  SCV  
  28  5:12  Marine  
  26  5:18  Cyclone  
  29  5:23  SCV  
  30  5:35  Marine  
  32  5:41  Banshee  
  35  5:48  Supply Depot, SCV  
  35  5:53  Factory Reactor  
  35  5:54  Marine  
  36  6:00  SCV  
  36  6:03  Supply Depot  
  37  6:12  SCV  
  38  6:24  SCV  
  39  6:26  Raven  
  39  6:29  Supply Depot  
  38  6:36  SCV  
  39  6:42  Factory Tech Lab  
  39  6:49  Marine  
  39  6:51  Marine  
  39  6:52  Command Center  
  41  7:01  SCV  
  41  7:03  Siege Tank  
  45  7:09  Marine x2  
  45  7:13  SCV  
  48  7:20  Banshee  
  48  7:25  SCV  
  48  7:27  Bunker  
  48  7:29  Marine x2  
  51  7:34  Supply Depot  
  51  7:40  Siege Tank  
  51  7:42  SCV  
  55  7:56  Marine x2, SCV  
  58  8:06  Viking  
  60  8:14  Marine x2  
  60  8:17  Siege Tank  
  65  8:21  Orbital Command  
  63  8:36  SCV  
  64  8:41  Barracks  
  64  8:42  Barracks  
  64  8:50  Starport Reactor  
  64  8:51  Siege Tank  
  64  8:52  SCV  
  68  8:56  Orbital Command  
  68  9:03  Marine  
  68  9:05  SCV  
  68  9:08  Stimpack  
  70  9:24  Marine  
  71  9:32  Marine  
  71  9:33  Marine, Siege Tank  
  71  9:37  Refinery  
  73  9:40  Refinery  
  73  9:41  Marine x2, Engineering Bay  
  75  9:46  SCV x2  
  75  9:48  Starport Reactor  
  77  9:58  SCV x2  
  79  10:02  Supply Depot  
  79  10:03  Engineering Bay  
  81  10:08  Terran Infantry Weapons Level 1  
  81  10:12  Marine x5  
  84  10:17  SCV x2  
  86  10:23  Siege Tank  
  86  10:26  Medivac  
  91  10:29  Marine, Supply Depot  
  91  10:30  Supply Depot  
  91  10:33  Medivac  
  94  10:47  Marine x2  
  94  10:49  Marine  
  94  10:51  Marine x2  
  94  10:55  Siege Tank  
  65  11:04  SCV  
  65  11:05  Marine x2  
  65  11:07  Marine  
  65  11:08  Marine  
  66  11:13  Marine  
  67  11:22  SCV x2  
  67  11:24  Marine x2  
  71  11:30  Medivac  
  73  11:36  SCV x2  
  75  11:43  Combat Shields  
  75  11:50  Marine x3  
  75  11:51  Marine  
  75  11:53  Marine  
  80  11:56  SCV  
  80  11:57  SCV  
  80  12:01  Medivac  
  84  12:04  Terran Infantry Armor Level 1  
  84  12:07  Marine  
  84  12:08  Marine  
  86  12:09  Marine  
  86  12:10  Marine  
  86  12:13  Marine  
  89  12:18  Siege Tank  
  92  12:25  Marine  
  92  12:28  Marine x2  
  92  12:29  Marine  
  96  12:31  Marine  
  96  12:32  Medivac  
  90  12:43  Marine  
  88  12:46  Marine x3  
  88  12:48  Marine  
  88  12:50  Siege Tank  
  92  12:51  Medivac  
  92  12:55  SCV x2  
  84  13:01  Marine  
  84  13:02  Medivac  
  84  13:04  Marine x2  
  89  13:09  Marine x2  
  91  13:23  SCV x2  
  93  13:32  Siege Tank  
  96  13:35  SCV x2  
  96  13:37  Marine x2  
  96  13:40  Marine  
  101  13:44  Marine  
  102  13:58  SCV x2  
  104  14:06  Siege Tank  
  106  14:12  Viking  
  108  14:21  Viking  
  110  14:36  Marine x4  
  114  14:39  Marine  
  115  14:54  Marine x3  
  118  15:01  Marine x2, Siege Tank  
  106  15:12  Marine x3  
  109  15:19  Marine x2  
  109  15:20  Viking x2  
  115  15:28  Supply Depot  
  115  15:29  Supply Depot  
  115  15:30  Marine  
  115  15:32  Marine x2  
  118  15:49  Marine x3  
  121  15:50  Marine  
  109  15:57  Siege Tank  
  109  16:00  Marine  
  112  16:07  Marine x3  
  115  16:14  Marine  
  115  16:17  Marine  
  117  16:25  Marine x3  
  111  16:32  Marine  
  110  16:33  Liberator  
  110  16:35  Marine  
  110  16:43  Marine x3  
  113  16:55  Marine  
  113  16:59  Marine  
  113  17:01  Marine  
  114  17:19  Marine x2  
  107  17:23  Marine x2  
  107  17:26  Marine  
  108  17:36  Marine x2  
  109  17:41  Marine x2  
  110  18:02  Marine x4  
  110  18:03  Marine  
  115  18:11  Orbital Command  
  111  18:16  Medivac  
  111  18:18  Medivac  
  115  18:20  SCV  
  115  18:35  Marine  
  115  18:36  Marine  
  115  18:38  SCV  
  118  18:43  SCV  
  116  18:59  Viking x2  
  120  19:06  SCV x2  
  119  19:11  Sensor Tower  
  119  19:18  Siege Tank  
  119  19:23  Supply Depot  
  122  19:25  Supply Depot  
  122  19:29  Marine x2  
  122  19:30  Marine x2  
  122  19:31  Marine  
Show
View Real Time Build Order
Export as new Build Order

Kelazhur Terran 

Build Orders:  

Get SALT Encoding   

  12  0:01  SCV  
  13  0:13  Supply Depot  
  13  0:19  SCV  
  14  0:31  SCV  
  15  0:40  Barracks  
  15  0:46  Refinery  
  15  0:58  Barracks  
  15  1:01  SCV  
  16  1:14  SCV  
  17  1:27  Barracks Tech Lab  
  17  1:29  Orbital Command  
  17  1:45  Barracks Tech Lab  
  17  1:46  Marauder  
  19  1:53  Supply Depot  
  19  2:04  Marauder  
  19  2:07  Marauder  
  23  2:16  Concussive Shells  
  23  2:19  Engineering Bay  
  23  2:29  Marauder  
  24  2:37  Marauder  
  25  2:52  Marauder  
  25  2:59  Marauder  
  27  3:06  SCV  
  27  3:09  Supply Depot  
  28  3:14  Marauder  
  28  3:16  Refinery  
  28  3:18  SCV  
  31  3:31  Marauder, SCV  
  34  3:39  Marauder  
  34  3:45  SCV  
  35  3:52  Marauder  
  31  4:00  Marauder  
  31  4:02  SCV  
  30  4:08  Factory  
  28  4:14  Marauder, SCV  
  31  4:23  Marauder  
  33  4:26  SCV  
  34  4:35  Marauder  
  34  4:36  Supply Depot  
  32  4:45  Marauder  
  32  4:46  SCV  
  33  4:58  Cyclone  
  36  5:01  SCV, Engineering Bay  
  37  5:14  SCV  
  30  5:29  Starport, SCV  
  30  5:31  Missile Turret  
  28  5:40  Missile Turret  
  28  5:41  SCV  
  29  5:49  Cyclone  
  32  5:53  SCV  
  33  5:58  Command Center  
  33  6:05  Viking  
  33  6:07  SCV  
  36  6:19  SCV  
  37  6:31  SCV  
  36  6:35  Cyclone  
  41  6:43  SCV  
  41  6:44  Supply Depot  
  41  6:45  Marine x2  
  44  6:47  Medivac  
  44  6:50  Supply Depot  
  44  6:55  SCV  
  45  7:07  SCV  
  46  7:12  SCV  
  44  7:18  Marine x2  
  44  7:19  SCV  
  47  7:25  Orbital Command  
  47  7:30  Factory Tech Lab  
  47  7:31  SCV  
  47  7:32  Viking  
  50  7:39  Barracks Tech Lab  
  50  7:41  Barracks Reactor  
  50  7:48  SCV  
  51  7:53  SCV  
  51  7:56  Siege Tank  
  55  8:00  SCV  
  55  8:05  SCV  
  57  8:12  SCV  
  58  8:15  Marine, Stimpack  
  58  8:17  SCV  
  58  8:19  Marine x2  
  62  8:24  SCV  
  63  8:30  SCV  
  63  8:34  Marine  
  64  8:36  Marine x2, SCV  
  64  8:38  Starport Reactor, Siege Tank  
  70  8:42  Supply Depot  
  70  8:51  Marine  
  70  8:54  Marine x2, Refinery  
  73  8:58  Missile Turret, SCV x2  
  69  9:10  SCV x2  
  69  9:16  Marine x3  
  71  9:22  SCV  
  71  9:23  SCV  
  70  9:34  Marine x3, SCV  
  70  9:35  SCV  
  74  9:40  Siege Tank  
  74  9:42  Medivac  
  79  9:45  Medivac  
  79  9:47  SCV x2  
  79  9:51  Marine  
  84  9:53  Supply Depot, Refinery  
  84  9:55  Supply Depot  
  84  9:56  Marine  
  84  9:59  SCV  
  86  10:15  Combat Shields, Marine, SCV  
  86  10:19  Marine x2  
  89  10:34  Command Center  
  89  10:37  Terran Infantry Weapons Level 1  
  89  10:39  Marine  
  89  10:40  Marine  
  91  10:44  Marine  
  92  10:57  Marine  
  69  11:01  Marine  
  69  11:04  Marine  
  62  11:11  Siege Tank  
  62  11:12  Medivac x2  
  69  11:27  Marine x3  
  72  11:42  Armory  
  72  11:43  Engineering Bay  
  72  11:44  Siege Tank  
  72  11:45  Viking  
  72  11:46  Viking  
  79  11:52  Marine x3  
  82  12:00  Orbital Command  
  82  12:01  SCV  
  82  12:02  SCV  
  84  12:12  Marine x2  
  86  12:17  Marine  
  86  12:20  Viking x2  
  91  12:25  SCV x2  
  93  12:30  Marine  
  93  12:31  Marine  
  93  12:34  Siege Tank  
  93  12:36  Barracks  
  93  12:38  Marine  
  93  12:48  Marine  
  93  12:49  Marine  
  84  12:56  Marine  
  78  13:05  Marine  
  78  13:06  Orbital Command, Siege Tank  
  78  13:07  Marine  
  80  13:13  Marine  
  80  13:23  Marine  
  80  13:24  Marine  
  80  13:26  Marine  
  83  13:31  Marine  
  84  13:41  Marine  
  84  13:42  Marine, Siege Tank  
  90  13:49  Marine  
  90  13:54  Terran Infantry Weapons Level 2  
  90  13:55  Terran Infantry Armor Level 1  
  90  14:05  Marine  
  90  14:06  Starport Reactor, Marine  
  91  14:18  Marine  
  92  14:29  Barracks x2  
  92  14:30  Refinery  
  92  14:31  Refinery  
  92  14:35  Marine x2  
  92  14:37  Marine  
  95  14:44  Marine x2  
  97  14:53  Marine  
  97  14:56  Marine  
  97  14:57  Marine  
  100  15:05  Marine x2  
  100  15:06  Siege Tank  
  101  15:11  Marine  
  102  15:16  Supply Depot  
  102  15:17  Medivac x2  
  102  15:18  Supply Depot  
  102  15:19  Marine x2  
  102  15:26  Marine x2  
  104  15:32  Marine x3  
  107  15:37  Marine x2  
  107  15:40  Supply Depot  
  109  15:43  Siege Tank  
  109  15:44  Marine  
  94  16:00  Marine x2  
  96  16:08  Marine  
  90  16:13  Viking x2  
  90  16:18  Marine x2  
  93  16:26  Marine  
  93  16:31  Siege Tank  
  95  16:39  Marine  
  92  16:42  Viking  
  92  16:43  Viking  
  94  16:47  Marine  
  92  16:58  Marine x3  
  90  17:04  Siege Tank  
  90  17:05  Marine  
  94  17:16  Marine  
  94  17:22  Marine  
  86  17:24  Marine  
  86  17:26  Marine  
  80  17:38  Marine  
  80  17:40  Marine  
  80  17:42  Marine  
  80  17:43  Marine, Viking x2  
  85  17:56  Marine  
  85  17:57  Marine  
  87  18:05  Marine x2  
  81  18:14  Marine  
  81  18:15  Marine  
  83  18:23  Marine x2  
  85  18:31  Marine  
  87  18:44  Supply Depot x2  
  86  18:51  Marine  
  87  18:57  Marine  
  87  19:05  Marine x2  
  87  19:07  Command Center  
  87  19:09  Marine  
  88  19:15  Marine  
  87  19:33  Supply Depot  
  87  19:34  Supply Depot  
Tags
 
Add a new tag
Caveats
  • Supply blocks, unpowered buildings, or Contaminate may cause inaccurate times.
  • Supply counts are checked every 10 seconds.